 Dungeon Crawl Stone Soup version 0.18.1-5-g4a78601 (webtiles) character file.

4 RepoMan the Grasshopper (level 1, 0/17 HPs)
             Began as a Ghoul Warper on May 12, 2016.
             Slain by a hobgoblin (4 damage)
             ... on level 1 of the Dungeon.
             The game lasted 00:02:04 (203 turns).

RepoMan the Grasshopper (Ghoul Warper)               Turns: 203, Time: 00:02:05

Health: 0/17       AC:  3    Str: 14    XL:     1   Next: 60%
Magic:  2/2        EV: 11    Int:  8    God:
Gold:   4          SH:  0    Dex:  8    Spells: 1 memorised, 2 levels left

rFire  . . .     SeeInvis .     a - +0 falchion
rCold  + . .     Gourm    .     b - +0 leather armour
rNeg   + + +     Faith    .     (no shield)
rPois  ∞         Spirit   .     (no helmet)
rElec  .         Dismiss  .     (no cloak)
rCorr  .         Reflect  .     (no gloves)
SustAt .         Harm     .     (no boots)
MR     .....                    (no amulet)
Stlth  +.........               (no ring)
                                (no ring)

@: rotting, not resistant to hostile enchantments, very unstealthy
A: rotting body, claws 1, carnivore 3, cold resistance 1, negative energy
resistance 3, slow regeneration 1, torment resistance, unbreathing
a: no special abilities


You were on level 1 of the Dungeon.
You were not hungry.

You visited 1 branch of the dungeon, and saw 1 of its levels.

You collected 4 gold pieces.

Inventory:

Hand Weapons
 a - a +0 falchion (weapon)
Missiles
 h - 7 curare-tipped needles
Armour
 b - a +0 leather armour (worn)
Scrolls
 d - a scroll of blinking
Potions
 g - a potion of agility {unknown}
Books
 c - a book of Spatial Translocations

   Spells                             Type                      Level
   a - Apportation                    Translocation                1
   b - Blink                          Translocation                2
   c - Shroud of Golubria             Charms/Translocation         2
   d - Portal Projectile              Translocation                3
   e - Teleport Other                 Translocation                3
   f - Passage of Golubria            Translocation                4
Comestibles
 f - a meat ration


   Skills:
 - Level 2.1 Fighting
 * Level 1.8 Long Blades
 - Level 0.8 Throwing
 + Level 1.1 Armour
 + Level 1.8 Dodging
 * Level 1.8 Spellcasting
 + Level 2.7 Translocations


You had 2 spell levels left.
You knew the following spells:

 Your Spells              Type           Power        Failure   Level  Hunger
a - Apportation           Tloc           #.........   17%         1    ##.....


Dungeon Overview and Level Annotations

Branches:
Dungeon (1/15)

Altars:


Innate Abilities, Weirdness & Mutations

Your body is rotting away.
You thrive on raw meat.
You are immune to poison.
You have sharp fingernails.
You are carnivorous and can eat meat at any time.
Your flesh is cold resistant.
You are immune to negative energy.
You regenerate slowly when monsters are visible.
You are immune to unholy pain and torment.
You can survive without breathing.


Message History

The goblin shouts!
Eat which item? (? for menu, Esc to quit)
Okay, then.
You hit the hobgoblin.
The hobgoblin is almost dead.
The hobgoblin hits you but does no damage.
You hit the hobgoblin but do no damage.
The hobgoblin is almost dead.
The hobgoblin hits you.
You closely miss the hobgoblin.
The hobgoblin is severely wounded.
You barely miss the hobgoblin.
The hobgoblin is severely wounded.
The hobgoblin hits you. The goblin hits you with a dagger.
The goblin hits you but does no damage. The hobgoblin hits you.
* * * LOW HITPOINT WARNING * * *
You closely miss the hobgoblin.
The hobgoblin is severely wounded.
The goblin hits you but does no damage. The hobgoblin hits you.
You die...

.# .. # #. ##
#.##.######..#
#..8.....8... b.
#.....#..# ... ... #
#..<..#..# ...
g...#..#.....#..# ....
....#..8...g@8..# .....
......######g##.##....
###....#.....##......
.......g.g.......###
......)............# .
.....##...######(#.##...
.... +........#.#......
### +...##....(.######
...)...##............


You could see a hobgoblin and a goblin.

Vanquished Creatures
  2 goblins (D:1)
  2 kobolds (D:1)
4 creatures vanquished.

Notes
Turn   | Place    | Note
--------------------------------------------------------------
     0 | D:1      | RepoMan the Ghoul Warper began the quest for the Orb.
     0 | D:1      | Reached XP level 1. HP: 17/17 MP: 2/2
   176 | D:1      | Reached skill level 1 in Armour
   203 | D:1      | Slain by a hobgoblin

Skill      XL: |  1 |
---------------+----+-----
Armour         | 1 |  1.1
Fighting       | |  2.1
Long Blades    | |  1.8
Throwing       | |  0.8
Dodging        | |  1.8
Spellcasting   | |  1.8
Translocations | |  2.7

Action                   || total
-------------------------++-------
Melee: Falchion          ||    14
Throw: Tomahawk          ||     5
 Cast: Apportation       ||     2
Armor: Leather armour    ||     2
Dodge: Dodged            ||     7
